 Dungeon Crawl Stone Soup version 0.31-a0-851-g7ff8af7976 (webtiles) character file.

Game seed: 2192545122163112745

312 promet the Covert (level 6, -2/46 HPs)
             Began as an Octopode Brigand on Oct 5, 2023.
             Was an Initiate of Wu Jian.
             Slain by an iguana (6 damage)
             ... on level 4 of the Dungeon.
             The game lasted 00:17:38 (4336 turns).

promet the Covert (Octopode Brigand)                Turns: 4336, Time: 00:17:39

Health: -2/46      AC:  3    Str: 11    XL:     6   Next: 42%
Magic:  6/6        EV: 18    Int: 13    God:    Wu Jian [......]
Gold:   116        SH:  0    Dex: 15    Spells: 4/5 levels left

rFire   . . .        a - +2 dagger
rCold   . . .        (no shield)
rNeg    . . .        (helmet restricted)
rPois   .            (no amulet)
rElec   .            g - +5 ring of evasion
rCorr   .            (no ring)
SInv    .            (no ring)
Will    .....        (no ring)
Stlth   +++++        (no ring)
HPRegen 0.27/turn    (no ring)
MPRegen 0.10/turn    (no ring)
                     (no ring)

%: no passive effects
@: no status effects
A: almost no armour, amphibious, 8 rings, camouflage 1, gelatinous body 1,
(nimble swimmer 1), tentacles, iridescent scales 1, deterioration 1, robust 1
a: Renounce Religion


You were on level 4 of the Dungeon.
You worshipped Wu Jian.
Wu Jian was noncommittal.
You visited 2 branches of the dungeon, and saw 5 of its levels.

You collected 116 gold pieces.

Inventory:

Hand Weapons
 a - a +2 dagger (weapon)
 b - a +0 sling
Missiles
 c - 3 curare-tipped darts
 d - 53 stones
 k - 3 boomerangs
 m - 12 poisoned darts (quivered)
Jewellery
 e - a ring of fire
 g - a +5 ring of evasion (left tentacle)
Wands
 j - a wand of mindburst (3)
 l - a wand of roots (5)
Potions
 f - 3 potions of lignification
 i - a potion of curing {unknown}
 n - a potion of resistance {unknown}


   Skills:
 * Level 3.3 Fighting
 + Level 3.0 Short Blades
 + Level 2.3 Throwing
 + Level 1.5 Dodging
 + Level 8.7 Stealth


You had 4 spell levels left.
You knew the following spells:

 Your Spells              Type           Power      Damage    Failure   Level
a - Freeze                Ice            0%         1d3       30%         1

Your spell library contained the following spells:

 Spells                   Type           Power      Damage    Failure   Level
 Sting                    Tmut/Pois      0%         1d3       30%         1
 Ensorcelled Hibernation  Hex/Ice        0%         N/A       43%         2
 Passwall                 Tmut/Erth      0%         N/A       43%         2
 Poisonous Vapours        Pois/Air       0%         N/A       43%         2
 Call Canine Familiar     Summ           0%         N/A       67%         3
 Frozen Ramparts          Ice            0%         1d1       67%         3
 Hailstorm                Conj/Ice       0%         3d3       67%         3
 Mephitic Cloud           Conj/Pois/Air  0%         N/A       67%         3
 Sigil of Binding         Hex            0%         N/A       67%         3
 Swiftness                Air            0%         N/A       67%         3
 Dimensional Bullseye     Hex/Tloc       0%         N/A       97%         4
 Leda's Liquefaction      Hex/Erth       0%         N/A       97%         4
 Olgreb's Toxic Radiance  Pois           0%         N/A       97%         4
 Freezing Cloud           Conj/Ice/Air   0%         6-21      100%        5


Dungeon Overview and Level Annotations

Branches:
Dungeon (4/15)             Temple (1/1) D:4

Altars:
Ashenzari
Cheibriados
Elyvilon
Fedhas
Gozag
Hepliaklqana
Kikubaaqudgha
Makhleb
Okawaru
Qazlal
Uskayaw
Vehumet
Wu Jian
Zin
The Shining One

Annotations:
D:2 1 runed translucent door, Crazy Yiuf


Innate Abilities, Weirdness & Mutations

You cannot wear most types of armour.
You are amphibious.
You can wear up to eight rings at the same time.
Your skin changes colour to match your surroundings (Stealth+).
Your rubbery body absorbs attacks. (AC +1, EV +1)
((You are camouflaged when in or above water. (Stealth+)))
You have tentacles for arms and can constrict up to eight enemies at once.
You are partially covered in iridescent scales. (AC +2)
Your body sometimes deteriorates upon taking damage.
You are robust. (+10% HP)


Message History

The iguana barely misses you.
You hit the iguana but do no damage. You squeeze the iguana.
You kill the iguana!
The Council accepts your kill.
Your Short Blades skill increases to level 3!
You see here an iguana corpse.
You see here a +0 dagger.
An iguana comes into view.
A ball python comes into view.
You hit the iguana but do no damage. Your grab misses the iguana.
Your squeeze misses the iguana. The iguana closely misses you.
The iguana bites you!
You hit the iguana. Your grab misses the iguana.
The iguana is lightly wounded.
The iguana closely misses you.
You hit the iguana but do no damage. Your grab misses the iguana.
You squeeze the iguana.
The iguana is moderately wounded.
The iguana bites you!
You closely miss the iguana. You grab the iguana. You squeeze the iguana.
The iguana is moderately wounded.
You constrict the iguana. The iguana bites you!
You are too injured to fight recklessly!
You are too injured to fight recklessly!
You are too injured to fight recklessly!
You are too injured to fight recklessly!
You are too injured to fight recklessly!
You are too injured to fight recklessly!
You release your grip on the iguana.
The iguana bites you!
* * * LOW HITPOINT WARNING * * *
You aren't carrying any scrolls.
It was a potion of mutation.
You feel extremely strange.
Iridescent scales grow over part of your body.
You feel yourself wasting away.
You feel robust. The iguana misses you.
You barely miss the iguana. Your grab misses the iguana.
The iguana is moderately wounded.
The iguana bites you.
You die...

........ ##.### #..##
#......# ##..<.###.##.
#......####.......#..##
#...S...##............#
#.......##......>......
#.......###............
#........##............
#......# #............
#....l@# ##...........
#......## #...........
##......# #...........
#......##.##..........
#.......#.##......<...
#.......#.###.........
#........#.##.........
##.......#.###........
#..........###.......


You could see an iguana and a ball python (asleep).

Vanquished Creatures
  An ogre (D:4)
  An iron imp (D:4)
  Ijyb (D:3)
  An iguana (D:4)
  7 adders
  An ufetubus (D:4)
  A worm (D:2)
  2 dart slugs (D:2)
  5 orcs
  6 bats
  An endoplasm (D:4)
  5 giant cockroaches
  6 hobgoblins
  3 jackals (D:1)
  6 kobolds
  3 quokkas
  6 ball pythons
  4 frilled lizards
  9 goblins
  6 rats
75 creatures vanquished.

Notes
Turn   | Place    | Note
-------+----------+-------------------------------------------
     0 | D:1      | promet the Octopode Brigand began the quest for the Orb.
     0 | D:1      | Reached XP level 1. HP: 14/14 MP: 1/1
   198 | D:1      | Reached XP level 2. HP: 19/19 MP: 2/2
   292 | D:1      | Found a faded altar of an unknown god.
   335 | D:1      | Reached skill level 6 in Stealth
   579 | D:1      | Reached XP level 3. HP: 24/24 MP: 3/3
   945 | D:2      | Found a runed translucent door.
   946 | D:2      | Noticed Crazy Yiuf
  1128 | D:2      | Reached skill level 7 in Stealth
  1128 | D:2      | Reached XP level 4. HP: 30/30 MP: 4/4
  1201 | D:2      | Identified the +1 scale mail of Youthful Indiscretion
                  | {Will+}
  1720 | D:3      | Noticed Ijyb
  1990 | D:3      | Reached XP level 5. HP: 36/36 MP: 5/5
  2457 | D:3      | Killed Ijyb
  2458 | D:3      | Reached skill level 8 in Stealth
  2820 | D:4      | Found a staircase to the Ecumenical Temple.
  2928 | Temple   | Entered the Ecumenical Temple
  3216 | Temple   | Became a worshipper of the Wu Jian Council
  3416 | D:4      | Noticed an ogre
  3673 | D:4      | Learned a level 1 spell: Freeze
  4006 | D:4      | Killed an ogre
  4007 | D:4      | Reached XP level 6. HP: 42/42 MP: 6/6
  4096 | D:4      | Found a snail-covered altar of Cheibriados.
  4335 | D:4      | Gained mutation: You are partially covered in iridescent
                  | scales. (AC +2) [potion of mutation]
  4335 | D:4      | Gained mutation: Your body sometimes deteriorates upon
                  | taking damage. [potion of mutation]
  4335 | D:4      | Gained mutation: You are robust. (+10% HP) [potion of
                  | mutation]
  4336 | D:4      | Slain by an iguana

Illustrated notes

Levels and vault maps discovered:
D:1:      dpeg_arrival_simpleton_a, layout_rooms, ebering_ecumenical_altar_hall
D:2:      layout_loops_ring, grunt_ministairs_12, chequers_arboretum,
          lightli_corner_chamber, uniq_crazy_yiuf_cottage
D:3:      layout_loops_ring, uniq_ijyb
D:4:      layout_cave_pods, slow_altar_2, minmay_temple_entry_tees,
          enter_ossuary_5
Temple:   dpeg_chambers_temple

Skill      XL: |  1  2  3  4  5  6 |
---------------+-------------------+-----
Stealth        | 6 7 8 |  8.7
Fighting       | 3 |  3.3
Short Blades   | 3 |  3.0
Throwing       | |  2.3
Dodging        | |  1.5

Action                     |  1- 3 |  4- 6 || total
---------------------------+-------+-------++-------
  Melee: Dagger            |    60 |    92 ||   152
         Tentacles         |     9 |    24 ||    33
         Constrict         |    10 |    23 ||    33
  Throw: Dart              |       |     7 ||     7
Ability: Lunge             |       |     2 ||     2
    Use: Scroll            |     4 |     4 ||     8
         Potion            |       |     1 ||     1
   Stab: Sleeping          |    18 |    12 ||    30
 Armour: Skin              |    17 |    32 ||    49
  Dodge: Dodged            |    19 |    30 ||    49

Table legend: (Time is in decaauts)
 A = Elapsed time spent in this place.
 B = Non-inter-level travel time spent in this place.
 C = Inter-level travel time spent in this place.
 D = Time resting spent in this place.
 E = Time spent auto-exploring this place.
 F = Levels seen in this place.
 G = Mean time per level.
                   A        B        C        D        E       F      G
               +--------+--------+--------+--------+--------+-----+--------+
         Total |   4315 |   4214 |    101 |    823 |   1181 |   5 |  863.0 |
       Dungeon |   4010 |   3909 |    101 |    823 |   1181 |   4 | 1002.5 |
        Temple |    304 |    304 |      0 |      0 |      0 |   1 |  304.0 |
               +--------+--------+--------+--------+--------+-----+--------+

Top non-repeatable levels by time:
     D:3: 1255 daAuts
     D:4: 1203 daAuts
     D:2: 848 daAuts
     D:1: 702 daAuts
  Temple: 304 daAuts
